 Dungeon Crawl Stone Soup version 0.28.0 (webtiles) character file.

Game seed: 1436773138187251505

2191 Ayyar the Cleaver (level 9, 0/78 HPs)
             Began as a Minotaur Fighter on Mar 9, 2022.
             Was a Believer of Qazlal.
             Slain by a troll (10 damage)
             ... on level 7 of the Dungeon on Mar 13, 2022.
             The game lasted 00:21:14 (6813 turns).

Ayyar the Cleaver (Minotaur Fighter)                Turns: 6813, Time: 00:21:15

Health: 0/78       AC: 10    Str: 26    XL:     9   Next: 12%
Magic:  9/9        EV:  9    Int:  5    God:    Qazlal [**....]
Gold:   348        SH:  8    Dex:  9    Spells: 8/8 levels left

rFire   + . .      SeeInvis .   a - +0 war axe
rCold   + . .      Faith    .   c - +0 buckler
rNeg    . . .      Spirit   .   b - +0 scale mail
rPois   .          Reflect  .   (helmet restricted)
rElec   .          Harm     .   s - +0 cloak
rCorr   .          Rampage  .   k - +0 pair of gloves
Will    .....                   (no boots)
Stlth   ..........              w - amulet of the acrobat
HPRegen 0.23/turn               n - ring of protection from cold
MPRegen 0.11/turn               o - ring of protection from fire

@: no status effects
A: horns 2, retaliatory headbutt
a: Renounce Religion, Upheaval


You were on level 7 of the Dungeon.
You worshipped Qazlal.
Qazlal was pleased with you.
You visited 1 branch of the dungeon, and saw 7 of its levels.

You collected 348 gold pieces.

Inventory:

Hand Weapons
 a - a +0 war axe (weapon)
Missiles
 u - 7 poisoned darts (quivered)
 y - 2 throwing nets
Armour
 b - a +0 scale mail (worn)
 c - a +0 buckler (worn)
 k - a +0 pair of gloves (worn)
 s - a +0 cloak (worn)
Jewellery
 n - a ring of protection from cold (left hand)
 o - a ring of protection from fire (right hand)
 w - an amulet of the acrobat (around neck)
 C - a ring of positive energy
 D - a ring of protection from fire
Wands
 H - a wand of mindburst (10)
Scrolls
 e - 2 scrolls of immolation {unknown}
 h - 8 scrolls of identify {unknown}
 j - 2 scrolls of fear {unknown}
 l - 3 scrolls of teleportation {unknown}
 m - a scroll of fog {unknown}
 p - 2 scrolls of amnesia {unknown}
 r - a scroll of vulnerability {unknown}
 t - 2 scrolls of blinking {unknown}
 x - a scroll of acquirement {unknown}
 B - a scroll of enchant weapon {unknown}
 E - a scroll of summoning
 G - a scroll of magic mapping {unknown}
 I - 3 scrolls of silence {unknown}
Potions
 d - 2 potions of might
 f - 2 potions of curing {unknown}
 g - a potion of resistance {unknown}
 i - 2 potions of haste {unknown}
 q - 3 potions of heal wounds {unknown}
 v - a potion of flight {unknown}
 z - a potion of brilliance {unknown}
 A - a potion of cancellation {unknown}
 F - a potion of invisibility {unknown}


   Skills:
 + Level 6.9 Fighting
 * Level 8.7 Axes
 + Level 3.7 Throwing
 + Level 7.0 Armour
 + Level 7.0 Shields
 - Level 2.0 Invocations
 + Level 0.6 Evocations


You had 8 spell levels left.
You didn't know any spells.
Your spell library contained the following spells:

 Spells                   Type           Power      Damage    Failure   Level
 Apportation              Tloc           0%         N/A       82%         1
 Sublimation of Blood     Necr           0%         N/A       91%         2
 Wereblood                Tmut           0%         N/A       91%         2
 Alistair's Intoxication  Tmut/Pois      0%         N/A       100%        5
 Freezing Cloud           Conj/Ice/Air   0%         6-21      100%        5
 Simulacrum               Ice/Necr       0%         N/A       100%        6
 Summon Hydra             Summ           0%         N/A       100%        7
 Polar Vortex             Ice            0%         N/A       100%        9


Dungeon Overview and Level Annotations

Branches:
Dungeon (7/15)             Temple (0/1) D:4

Altars:
Dithmenos
Gozag
Makhleb
Qazlal
Uskayaw
Xom
Zin

Shops:
D:3 (


Innate Abilities, Weirdness & Mutations

You have a pair of horns on your head.
You reflexively headbutt those who attack you in melee.


Message History

You throw a poisoned dart. The poisoned dart hits the troll.
The troll is poisoned.
You throw a poisoned dart.
The poisoned dart barely misses the troll.
You throw a poisoned dart.
The poisoned dart barely misses the troll.
You throw a poisoned dart.
The poisoned dart closely misses the troll.
You hit the troll but do no damage.
The troll is lightly wounded.
The troll looks more healthy.
The troll bites you! The troll barely misses you. You block the troll's attack.
You closely miss the troll. Your headbutt misses the troll.
The troll bites you.
The troll claws you but does no damage. x2
The troll barely misses you.
The troll claws you but does no damage. x2
You hit the troll but do no damage. You block the troll's attack.
The troll claws you. x2
You closely miss the troll. The troll bites you. The troll claws you.
You block the troll's attack.
You closely miss the troll. You block the troll's attack. The troll claws you.
The troll barely misses you.
You slash the troll! You headbutt the troll.
The troll is heavily wounded.
The troll bites you. You block the troll's attack.
The troll completely misses you.
You hit the troll but do no damage.
The troll is heavily wounded.
You block the troll's attack. The troll claws you but does no damage.
The troll barely misses you.
You barely miss the troll.
The troll is moderately wounded.
The troll bites you! The troll claws you!
* * * LOW HITPOINT WARNING * * *
You block the troll's attack.
You slash the troll!
The troll is severely wounded.
You block the troll's attack. The troll claws you!
* * * LOW HITPOINT WARNING * * *
The troll claws you!
You die...

#.... #.... #########....
#.......###.. #.......# #.. .
#.......# #.. ... #.......#
#..
...()############.......###..
..(((......T@................
....#######################..
. .... ###+


You could see a troll.

Vanquished Creatures
  A water moccasin (D:5)
  An acid dragon (D:6)
  A black bear (D:7)
  2 necrophages
  An ogre (D:5)
  2 centaurs (D:5)
  A phantom (D:5)
  3 bullfrogs (D:6)
  A gnoll sergeant (D:5)
  A kobold brigand (D:4)
  3 scorpions
  A howler monkey (D:5)
  5 wights (D:6)
  3 hounds
  A jelly (D:5)
  A centaur skeleton (D:7)
  Jessica (D:2)
  4 iguanas
  Natasha (thrice) (D:4)
  2 orc wizards (D:4)
  3 hound skeletons
  6 adders
  5 gnolls (D:5)
  A white imp (D:5)
  An adder skeleton (D:4)
  3 worms
  2 dart slugs
  5 orcs (D:4)
  8 ball pythons
  2 bats (D:1)
  9 endoplasms
  6 giant cockroaches
  10 goblins
  8 hobgoblins
  4 jackals (D:1)
  4 kobolds
  8 quokkas
  4 frilled lizards
  4 rats
131 creatures vanquished.

Notes
Turn   | Place    | Note
-------+----------+-------------------------------------------
     0 | D:1      | Ayyar the Minotaur Fighter began the quest for the Orb.
     0 | D:1      | Reached XP level 1. HP: 19/19 MP: 0/0
   217 | D:1      | Reached XP level 2. HP: 4/27 MP: 1/1
   583 | D:1      | Reached skill level 3 in Axes
   836 | D:1      | Reached XP level 3. HP: 28/33 MP: 2/2
  1360 | D:2      | Noticed Jessica
  1362 | D:2      | Killed Jessica
  1432 | D:2      | Reached XP level 4. HP: 25/40 MP: 3/3
  1628 | D:2      | Reached skill level 4 in Axes
  1993 | D:2      | Found a faded altar of an unknown god.
  2148 | D:3      | Found a stormy altar of Qazlal.
  2154 | D:3      | Became a worshipper of Qazlal Stormbringer
  2179 | D:3      | Found Ocoog's Antique Weapon Shop.
  3027 | D:3      | Reached XP level 5. HP: 47/47 MP: 4/4
  3044 | D:3      | Found a shadowy altar of Dithmenos.
  3357 | D:4      | Reached * piety under Qazlal
  3365 | D:4      | Found a staircase to the Ecumenical Temple.
  3381 | D:4      | Noticed Natasha
  3391 | D:4      | Killed Natasha
  3396 | D:4      | Noticed Natasha
  3406 | D:4      | Killed Natasha
  3407 | D:4      | Reached skill level 5 in Axes
  3532 | D:4      | Reached XP level 6. HP: 55/55 MP: 5/5
  3713 | D:4      | Reached skill level 5 in Armour
  3722 | D:4      | Reached skill level 5 in Fighting
  3722 | D:4      | Reached skill level 5 in Shields
  3860 | D:4      | Noticed Natasha
  3869 | D:4      | Killed Natasha
  4332 | D:5      | Entered Level 5 of the Dungeon
  4344 | D:4      | Reached skill level 1 in Throwing
  4344 | D:4      | Reached skill level 1 in Invocations
  4344 | D:4      | Reached XP level 7. HP: 61/61 MP: 6/6
  4413 | D:5      | Reached skill level 6 in Axes
  4627 | D:5      | Reached ** piety under Qazlal
  4696 | D:5      | Found a glowing silver altar of Zin.
  4703 | D:5      | Noticed an angel
  4785 | D:5      | Reached XP level 8. HP: 52/70 MP: 8/8
  4875 | D:5      | Found a hide-covered altar of Uskayaw.
  4893 | D:5      | Reached skill level 7 in Axes
  5356 | D:5      | Found a shimmering altar of Xom.
  5443 | D:5      | Found a burning altar of Makhleb.
  5822 | D:6      | Reached skill level 8 in Axes
  6200 | D:6      | Reached XP level 9. HP: 78/78 MP: 9/9
  6275 | D:6      | Found an opulent altar of Gozag.
  6794 | D:7      | Noticed a troll
  6813 | D:7      | Slain by a troll

Illustrated notes

Levels and vault maps discovered:
D:1:      heliophobic_arrival_enchanted_forest, layout_basic,
          minmay_strange_pillars
D:2:      layout_basic, hellmonk_ecumenical_altar_crossroads, minmay_bisected,
          uniq_jessica
D:3:      layout_basic, nicolae_qazlal_scattered_showers,
          mainiacjoe_overflow_six_doors_small, serial_shops, shop,
          kennysheep_generic_room_13
D:4:      minmay_razor_zed, layout_loops_ring, minmay_temple_entry_wispy,
          uniq_natasha
D:5:      layout_cave_pools, grunt_temple_overflow_order_and_chaos_1,
          makhleb_blood_cavern_becter, nicolae_uskayaw_murder_on_the_dancefloor
D:6:      layout_rooms, grunt_gozag_statues
D:7:      layout_basic, nemelex_diamond_rough_becter,
          kennysheep_cross_bottleneck

Skill      XL: |  1  2  3  4  5  6  7  8  9 |
---------------+----------------------------+-----
Axes           | 3 4 5 6 8 |  8.7
Armour         | 4 5 6 7 |  7.0
Fighting       | 4 5 6 |  6.9
Shields        | 4 5 6 7 |  7.0
Throwing       | 1 2 3 |  3.7
Invocations    | 1 2 |  2.0
Evocations     | |  0.6

Action                   |  1- 3 |  4- 6 |  7- 9 || total
-------------------------+-------+-------+-------++-------
Melee: War axe           |    60 |   151 |   148 ||   359
       Headbutt          |    12 |    18 |    27 ||    57
Throw: Dart              |       |     5 |    39 ||    44
Armor: Scale mail        |    28 |    57 |    64 ||   149
Dodge: Dodged            |    22 |    54 |    66 ||   142
Block: Buckler           |    14 |    47 |    67 ||   128
